 Dungeon Crawl Stone Soup version 0.30.0-17-ge0270778cf (webtiles) character file.

Game seed: 14345412119317590189

504 JanusIIV the Ruffian (level 6, 0/62 HPs)
             Began as a Troll Fighter on May 21, 2023.
             Splashed by a jelly's acid (8 damage)
             ... on level 5 of the Dungeon.
             The game lasted 00:04:57 (2856 turns).

JanusIIV the Ruffian (Troll Fighter)                Turns: 2856, Time: 00:04:59

Health: 0/62       AC:  4    Str: 22 (25) XL:     6   Next: 96%
Magic:  5/5        EV:  8    Int:  4 (6)  God:
Gold:   141        SH:  8    Dex:  8 (9)  Spells: 5/5 levels left

rFire   . .          .
                       - Unarmed
rCold   . . .        b - +0 kite shield
rNeg    . . .        a - +0 robe
rPois   .            (helmet restricted)
rElec   .            (no cloak)
rCorr   .            (gloves unavailable)
SInv    .            (boots unavailable)
Will    .....        (no amulet)
Stlth   +            (no ring)
HPRegen 1.10/turn    (no ring)
MPRegen 0.09/turn

%: no passive effects
@: no status effects
A: large, unfitting armour, claws 3, regeneration 1, shaggy fur 1, tough skin 1
a: no special abilities


You were on level 5 of the Dungeon.
You visited 1 branch of the dungeon, and saw 5 of its levels.

You collected 141 gold pieces.

Inventory:

Missiles
 y - 6 poisoned darts (quivered)
Armour
 a - a +0 robe (worn)
 b - a +0 kite shield (worn)
Jewellery
 i - a +6 ring of intelligence
 r - a +6 ring of intelligence
 t - a ring of ice
 v - a ring of see invisible
Wands
 x - a wand of flame (18)
Scrolls
 d - 3 scrolls of poison {unknown}
 e - a scroll of fear {unknown}
 g - 2 scrolls of noise {unknown}
 j - a scroll of blinking {unknown}
 k - a scroll of immolation {unknown}
 l - a scroll of vulnerability {unknown}
 m - a scroll of brand weapon {unknown}
 o - 4 scrolls of identify {unknown}
 p - a scroll of fog {unknown}
 s - a scroll of enchant weapon {unknown}
Potions
 c - a potion of might
 f - 3 potions of invisibility {unknown}
 h - a potion of haste {unknown}
 n - 2 potions of heal wounds {unknown}
 q - a potion of curing {unknown}
 u - a potion of brilliance {unknown}


   Skills:
 + Level 3.8 Fighting
 - Level 2.4 Dodging
 + Level 4.2 Shields
 * Level 5.5 Unarmed Combat


You had 5 spell levels left.
You didn't know any spells.
Your spell library contained the following spells:

 Spells                   Type           Power      Damage    Failure   Level
 Apportation              Tloc           0%         N/A       77%         1
 Necrotise                Necr           0%         1d4       77%         1
 Summon Small Mammal      Summ           0%         N/A       77%         1
 Cause Fear               Hex            0%         N/A       100%        4
 Dragon Form              Tmut           0%         N/A       100%        7
 Dragon's Call            Summ           0%         N/A       100%        9


Dungeon Overview and Level Annotations

Branches:
Dungeon (5/15)
 Temple: D:4-7

Altars:
Dithmenos
Fedhas
Gozag
Hepliaklqana
Nemelex Xobeh
Ru
Sif Muna
Trog
Vehumet

Shops:
D:4 :


Innate Abilities, Weirdness & Mutations

You are too large for most types of armour.
You have claws for hands.
Your natural rate of healing is unusually fast.
You are covered in fur. (AC +1)
You have tough skin. (AC +1)


Message History

The orc priest is severely wounded.
The orc priest hits you with a +0 hand axe.
You barely miss the orc priest.
The orc priest is severely wounded.
The orc priest hits you but does no damage.
You mangle the orc priest!!
You kill the orc priest!
A jelly comes into view.
You barely miss the orc.
The jelly quivers.
You block the orc's attack. The orc hits you with a +0 club.
Things that are here:
a +0 hand axe; an orc corpse You closely miss the orc.
The orc hits you with a +0 dagger. The orc hits you with a +0 club.
You closely miss the orc. The orc hits you but does no damage.
You block the orc's attack.
You barely miss the orc. You block the orc's attack.
The orc hits you with a +0 club.
You scratch the orc but do no damage. The jelly barely misses you.
You block the orc's attack. x2
You barely miss the orc. The jelly barely misses you.
You block the orc's attack. The orc barely misses you.
You barely miss the orc. The jelly hits you.
You are splashed with acid!
* * * LOW HITPOINT WARNING * * *
The orc hits you with a +0 dagger.
* * * LOW HITPOINT WARNING * * *
The orc hits you with a +0 club.
* * * LOW HITPOINT WARNING * * *
You block the orc's attack. The orc attacks as you move away!
The orc hits you with a +0 club.
* * * LOW HITPOINT WARNING * * *
Okay, then.
It was a potion of degeneration.
There was something very wrong with that liquid.
You feel weakened.
You feel dopey.
You feel clumsy. The jelly hits you.
* * * LOW HITPOINT WARNING * * *
You are splashed with acid!
You die...

#### ... #.. #.## #
##.## #.##.###...#
#@##........
#######J#...##...
#.....oo..#...#.###
#.#####.#.#.#.....#
##.####....#.......#.##.
#.......#######.<.......
....J......#...†...#.##.
##.######....).........
# #..#.........#..


You could see a jelly and 2 orcs.

Vanquished Creatures
  An ogre (D:4)
  A phantom (D:4)
  A scorpion (D:4)
  A howler monkey (D:4)
  2 hounds (D:5)
  An orc priest (D:5)
  A sleepcap (D:4)
  6 adders
  4 worms
  A dart slug (D:2)
  4 orcs (D:4)
  6 endoplasms
  2 giant cockroaches
  6 goblins
  6 hobgoblins
  6 kobolds
  5 quokkas
  9 ball pythons
  7 bats
  3 frilled lizards (D:2)
  2 rats
75 creatures vanquished.

Notes
Turn   | Place    | Note
-------+----------+-------------------------------------------
     0 | D:1      | JanusIIV the Troll Fighter began the quest for the Orb.
     0 | D:1      | Reached XP level 1. HP: 22/22 MP: 0/0
   306 | D:1      | Reached XP level 2. HP: 29/29 MP: 1/1
   382 | D:1      | You fall into a shaft and drop 1 floor!
   543 | D:2      | Reached XP level 3. HP: 36/36 MP: 2/2
   561 | D:2      | Reached skill level 3 in Unarmed Combat
  1196 | D:2      | Reached XP level 4. HP: 43/44 MP: 3/3
  1680 | D:3      | Found a sacrificial altar of Ru.
  1812 | D:3      | Found a faded altar of an unknown god.
  1899 | D:4      | Found Waoteup's Book Emporium.
  1994 | D:4      | Noticed a scorpion
  2003 | D:4      | Killed a scorpion
  2004 | D:4      | Reached skill level 4 in Unarmed Combat
  2004 | D:4      | Reached XP level 5. HP: 33/53 MP: 4/4
  2151 | D:4      | Noticed a phantom
  2169 | D:4      | Killed a phantom
  2170 | D:4      | Reached XP level 6. HP: 27/61 MP: 5/5
  2354 | D:4      | Found a hazy altar of Hepliaklqana.
  2506 | D:4      | Reached skill level 5 in Unarmed Combat
  2553 | D:4      | Identified the staff of fire "Itwio" {Fragile +Blink rF+
                  | MP+9 Stlth+}
  2707 | D:4      | Found a radiant altar of Vehumet.
  2709 | D:4      | Found a bloodstained altar of Trog.
  2716 | D:4      | Found a blossoming altar of Fedhas.
  2717 | D:4      | Found an opulent altar of Gozag.
  2719 | D:4      | Found a shadowy altar of Dithmenos.
  2724 | D:4      | Found a sparkling altar of Nemelex Xobeh.
  2727 | D:4      | Found a shimmering blue altar of Sif Muna.
  2786 | D:5      | Entered Level 5 of the Dungeon
  2856 | D:5      | Splashed by a jelly's acid

Illustrated notes

Levels and vault maps discovered:
D:1:      ncdulo_watergridlock, layout_loops_ring
D:2:      layout_basic, grunt_decor_junction
D:3:      layout_rooms, lemuel_coloured_pillars_altar,
          shapermc_ecumenical_altar_mp_urbaneastern
D:4:      layout_loops_ring, mainiacjoe_overflow_alcove_4,
          nicolae_overflow_hallway_of_the_gods, serial_shops, shop,
          minmay_quadrilaterals
D:5:      kennysheep_kobold_camp, layout_loops_ring, temple_green,
          minmay_manual_mares

Skill      XL: |  1  2  3  4  5  6 |
---------------+-------------------+-----
Shields        | 3 4 |  4.2
Unarmed Combat | 3 4 5 |  5.5
Fighting       | 3 |  3.8
Dodging        | |  2.4

Action                     |  1- 3 |  4- 6 || total
---------------------------+-------+-------++-------
  Melee: Unarmed           |   155 |   142 ||   297
    Use: Potion            |       |     2 ||     2
   Stab: Sleeping          |     1 |       ||     1
 Armour: Robe              |    47 |    38 ||    85
  Dodge: Dodged            |    50 |    39 ||    89
  Block: Kite shield       |    50 |    48 ||    98
